Map: Troizinia LE

Players

Breakfast - Winner!

  • Race: Terran Terran
  • Spawn Location: 9:00

Cthulhu - Winner!

  • Race: Zerg Zerg
  • Spawn Location: 12:00

Throwfordays - Winner!

  • Race: Protoss Protoss
  • League: Bronze
  • Spawn Location: 11:00

Faust - Winner!

  • Race: Zerg Zerg
  • League: Platinum
  • Spawn Location: 11:00

tigrillo

  • Race: Terran Terran
  • Spawn Location: 5:00

yanahuanca

  • Race: Zerg Zerg
  • Spawn Location: 3:00

darjearcK

  • Race: Zerg Zerg
  • Spawn Location: 6:00

jeyson

  • Race: Protoss Protoss
  • Spawn Location: 5:00

VOD

Have the link to the VOD?

Description

Time

  • Played on: Jan. 28, 2019, 1:09 p.m.
  • Length: 13:50
Show
View Real Time Build Order
Export as new Build Order

Breakfast Terran - Winner!

Build Orders:  

Get SALT Encoding   

  12  0:02  SCV  
  13  0:16  SCV  
  14  0:28  SCV  
  15  0:32  Supply Depot  
  15  0:54  SCV  
  16  1:00  Supply Depot  
  16  1:06  Supply Depot  
  16  1:08  SCV  
  17  1:20  SCV  
  17  1:24  Supply Depot  
  18  1:32  SCV  
  19  1:44  SCV, Barracks  
  20  1:51  Command Center  
  20  2:00  Supply Depot  
  20  2:06  Supply Depot  
  20  2:34  Marine  
  21  2:57  Refinery  
  21  3:03  Marine  
  22  3:08  SCV  
  23  3:18  Barracks  
  23  3:20  SCV  
  23  3:21  Marine  
  23  3:24  SCV  
  26  3:33  SCV  
  27  3:36  SCV  
  27  3:37  Engineering Bay  
  27  3:39  Marine  
  29  3:45  SCV  
  30  3:52  Refinery, SCV  
  31  3:57  Marine, SCV  
  33  4:03  Engineering Bay  
  33  4:04  SCV  
  33  4:09  SCV  
  35  4:10  Terran Infantry Weapons Level 1  
  35  4:14  Marine  
  35  4:16  SCV  
  37  4:21  SCV  
  37  4:24  Barracks Tech Lab  
  38  4:28  SCV  
  39  4:32  Marine  
  39  4:33  SCV  
  39  4:36  Missile Turret  
  41  4:45  SCV  
  42  4:50  Marine  
  43  4:57  Missile Turret  
  43  5:01  Marine  
  43  5:05  SCV  
  45  5:08  Marine  
  46  5:17  SCV, Missile Turret  
  46  5:19  Marine  
  46  5:20  Stimpack  
  48  5:26  Marine, Command Center  
  49  5:29  SCV  
  49  5:30  SCV  
  49  5:34  Refinery  
  51  5:38  Refinery  
  51  5:39  Missile Turret  
  51  5:41  SCV  
  51  5:42  SCV  
  53  5:48  Marine  
  53  5:49  Marine  
  55  5:54  SCV  
  56  6:01  Missile Turret  
  56  6:06  Marine  
  56  6:07  Marine  
  56  6:10  Terran Infantry Armor Level 1  
  58  6:21  Factory  
  58  6:26  Missile Turret  
  58  6:32  SCV  
  59  6:37  Marine  
  59  6:38  Marine  
  61  6:44  SCV  
  62  6:47  Missile Turret  
  62  6:55  Marine  
  62  6:56  Marine, SCV  
  62  6:59  Combat Shield  
  65  7:08  SCV, Missile Turret  
  65  7:12  SCV  
  65  7:13  Marine  
  65  7:14  Marine  
  69  7:18  Orbital Command  
  69  7:24  SCV  
  70  7:31  Marine x2  
  70  7:35  Armory  
  70  7:36  SCV  
  73  7:44  Starport  
  73  7:47  Starport  
  73  7:48  Marine  
  73  7:50  Orbital Command  
  74  7:56  Orbital Command  
  74  8:06  Marine  
  74  8:07  Marine  
  76  8:22  Starport Tech Lab  
  76  8:23  Starport Tech Lab  
  76  8:24  Marine  
  76  8:25  Marine  
  78  8:37  Terran Infantry Weapons Level 2  
  78  8:39  Refinery, Terran Infantry Armor Level 2  
  78  8:42  Marine  
  78  8:43  Marine  
  78  8:44  Refinery  
  80  9:00  Marine x2  
  82  9:04  Starport  
  82  9:08  Fusion Core  
  82  9:12  SCV  
  83  9:17  Marine  
  83  9:18  Marine  
  86  9:24  SCV  
  86  9:27  Viking  
  86  9:28  Viking  
  90  9:35  Marine  
  90  9:36  Marine, SCV  
  93  9:48  Supply Depot  
  93  9:49  Supply Depot  
  93  10:09  Marine x2, Viking x2, SCV  
  93  10:11  Supply Depot  
  93  10:14  Supply Depot  
  100  10:21  SCV  
  100  10:27  Marine x2  
  103  10:32  Starport Tech Lab  
  103  10:34  Supply Depot  
  103  10:38  Supply Depot  
  103  10:39  Viking x2  
  107  10:45  Marine  
  108  10:56  Supply Depot  
  108  11:01  Supply Depot  
  108  11:06  Marine  
  108  11:07  Marine  
  108  11:09  Battlecruiser x2  
  122  11:16  Battlecruiser  
  128  11:19  Weapon Refit  
  128  11:23  Supply Depot x2  
  128  11:24  Marine  
  128  11:25  Marine  
  130  11:42  Marine x2  
  130  11:45  Supply Depot  
  130  11:46  Supply Depot  
  132  12:00  Marine x2  
  134  12:14  Battlecruiser x2  
  146  12:18  Marine x2  
  144  12:35  Marine  
  144  12:36  Marine  
Show
View Real Time Build Order
Export as new Build Order

Cthulhu Zerg - Winner!

Build Orders: Hatch First 

Get SALT Encoding   

  12  0:02  Drone  
  13  0:09  Drone  
  14  0:21  Overlord  
  14  0:42  Hatchery  
  13  0:53  Drone  
  13  0:54  Drone x2  
  16  1:01  Extractor  
  15  1:05  Drone  
  16  1:16  Drone  
  17  1:21  Spawning Pool  
  16  1:28  Drone  
  17  1:38  Drone  
  18  1:48  Drone  
  19  1:55  Drone  
  19  1:59  Drone  
  21  2:07  Drone  
  22  2:09  Metabolic Boost  
  22  2:13  Drone  
  23  2:25  Zergling x4  
  23  2:29  Extractor  
  24  2:31  Drone x2  
  26  2:40  Baneling Nest  
  26  2:42  Overlord  
  25  2:49  Drone  
  26  2:59  Extractor  
  26  3:00  Drone  
  26  3:01  Extractor, Drone x2  
  27  3:11  Lair  
  27  3:20  Hatchery  
  27  3:23  Drone  
  27  3:24  Drone x3  
  30  3:30  Drone  
  31  3:51  Baneling  
  31  3:52  Baneling x3  
  31  3:54  Zergling x10  
  36  4:16  Zergling x2  
  36  4:17  Zergling x2  
  36  4:18  Overlord x2  
  36  4:31  Spire  
  35  4:34  Drone x3  
  35  4:37  Queen  
  40  4:39  Queen  
  42  4:57  Drone  
  42  4:58  Drone x2  
  45  5:03  Drone x5  
  43  5:42  Drone  
  44  5:45  Mutalisk x3  
  44  5:46  Mutalisk x3  
  56  5:52  Zerg Flyer Weapons Level 1  
  56  5:54  Overlord x2  
  56  5:55  Drone  
  57  6:11  Queen  
  57  6:12  Mutalisk x2  
  57  6:13  Mutalisk x3  
  69  6:26  Mutalisk x2  
  69  6:27  Overlord  
  69  6:28  Overlord  
  65  8:06  Mutalisk  
  65  8:07  Mutalisk x11  
  65  8:10  Overlord x3  
  87  9:07  Zergling x16  
  87  9:08  Zergling x2  
  90  9:38  Overlord x3  
  90  9:39  Zerg Flyer Weapons Level 2  
  90  9:47  Infestation Pit  
  90  9:48  Evolution Chamber  
  90  9:49  Evolution Chamber  
  87  9:53  Roach Warren  
  87  9:57  Hydralisk Den  
  87  9:59  Burrow  
  85  10:02  Zergling x6  
  85  10:03  Zergling x12  
  82  11:56  Hive  
  82  12:32  Mutalisk x6  
  82  12:33  Mutalisk x3  
Show
View Real Time Build Order
Export as new Build Order

Throwfordays Protoss - Winner!

Build Orders:  

Get SALT Encoding   

  12  0:01  Probe  
  13  0:13  Probe  
  14  0:19  Pylon  
  14  0:37  Gateway  
  14  0:38  Probe  
  15  0:46  Assimilator  
  15  0:50  Probe  
  16  1:02  Probe  
  17  1:14  Probe  
  18  1:25  Cybernetics Core  
  18  1:26  Probe  
  18  1:31  Warp Gate  
  19  1:38  Probe  
  20  1:47  Nexus  
  20  1:50  Probe  
  21  1:59  Assimilator  
  21  2:04  Adept  
  23  2:12  Pylon  
  23  2:15  Pylon  
  23  2:30  Probe  
  24  2:37  Pylon  
  24  2:40  Stalker  
  24  2:42  Probe  
  27  2:54  Probe  
  28  2:59  Probe  
  29  3:08  Probe  
  29  3:11  Probe  
  31  3:20  Probe  
  31  3:23  Stalker, Probe  
  35  3:32  Probe  
  36  3:35  Gateway, Probe  
  37  3:44  Probe  
  37  3:45  Gateway  
  37  3:47  Probe  
  39  3:48  Gateway  
  39  3:54  Stalker  
  41  3:59  Probe x2  
  43  4:11  Probe  
  43  4:12  Probe  
  45  4:21  Assimilator  
  45  4:23  Probe  
  45  4:24  Probe  
  47  4:26  Assimilator  
  47  4:29  Stalker  
  49  4:35  Probe  
  49  4:36  Probe  
  51  4:39  Adept  
  51  4:41  Adept  
  51  4:43  Adept  
  57  4:47  Probe  
  57  4:48  Probe  
  59  5:00  Probe  
  60  5:08  Robotics Facility  
  60  5:11  Robotics Facility  
  60  5:14  Pylon  
  60  5:21  Probe  
  60  5:24  Probe  
  62  5:33  Stalker x4  
  70  5:51  Pylon  
  70  5:52  Nexus  
  70  5:54  Assimilator  
  70  5:58  Assimilator  
  70  6:09  Immortal x2  
  78  6:12  Forge  
  78  6:13  Forge  
  78  6:34  Pylon  
  78  6:37  Pylon  
  78  6:39  Pylon  
  78  6:42  Pylon  
  78  6:45  Pylon  
  78  6:52  Probe x2  
  80  7:00  Stalker x4  
  88  7:04  Probe x2, Immortal  
  94  7:12  Protoss Ground Weapons Level 1  
  94  7:13  Protoss Shields Level 1, Immortal  
  98  7:17  Probe x2  
  98  7:21  Probe  
  101  7:29  Probe x2  
  103  7:33  Probe  
  103  7:34  Robotics Bay  
  104  7:41  Probe x2  
  106  7:45  Probe  
  95  8:30  Extended Thermal Lance  
  87  8:34  Adept x2  
  87  8:35  Adept x2  
  87  8:37  Colossus x2  
  107  8:59  Probe  
  107  9:00  Probe  
  109  9:11  Probe  
  109  9:12  Adept x4  
  118  9:30  Twilight Council  
  118  9:31  Immortal  
  118  9:32  Immortal  
  126  9:38  Adept  
  126  9:39  Adept x2  
  132  9:45  Pylon  
  132  9:47  Pylon  
  132  9:53  Nexus  
  122  10:48  Sentry x2  
  122  10:49  Sentry  
  128  10:50  Stalker  
  130  11:06  Assimilator  
  130  11:07  Protoss Shields Level 2, Protoss Ground Weapons Level 2  
  130  11:08  Probe  
  130  11:11  Assimilator  
  131  11:14  Pylon  
  131  11:17  Probe  
  132  11:20  Probe  
  133  11:27  Resonating Glaives  
  133  11:32  Stalker, Probe  
  134  11:33  Stalker x3  
  142  11:44  Probe  
  143  11:56  Probe  
  110  12:59  Stalker x2  
  110  13:00  Stalker x2  
  118  13:15  Probe  
  119  13:27  Probe  
Show
View Real Time Build Order
Export as new Build Order

Faust Zerg - Winner!

Build Orders: Hatch First 

Get SALT Encoding   

  12  0:01  Drone  
  13  0:09  Drone  
  13  0:13  Extractor  
  13  0:16  Drone  
  15  0:23  Overlord  
  15  0:42  Drone x2  
  17  0:53  Hatchery  
  16  0:57  Drone  
  17  1:12  Spawning Pool  
  17  1:14  Drone  
  17  1:18  Extractor  
  16  1:20  Drone  
  16  1:24  Drone  
  18  1:28  Drone  
  19  1:46  Overlord  
  19  1:59  Queen  
  21  2:02  Overlord  
  21  2:05  Queen  
  23  2:11  Drone x3  
  26  2:22  Metabolic Boost  
  26  2:32  Zergling x8  
  30  2:39  Baneling Nest  
  29  2:55  Drone  
  29  2:58  Drone x3  
  33  3:06  Overlord x2  
  33  3:19  Drone x5  
  38  3:20  Drone x2  
  40  3:34  Drone x2  
  42  3:55  Baneling x2  
  38  4:20  Overlord  
  38  4:21  Overlord  
  38  4:25  Lair  
  38  4:26  Drone  
  38  4:27  Drone x6  
  38  4:29  Extractor  
  44  4:31  Extractor  
  44  4:32  Overlord  
  44  4:34  Drone x2  
  44  4:35  Extractor, Drone, Roach Warren  
  44  4:36  Drone x3  
  44  4:37  Hatchery  
  46  4:50  Drone x2  
  46  4:51  Drone, Overlord  
  46  4:52  Overlord x2  
  49  5:23  Hydralisk Den  
  49  5:27  Drone  
  49  5:28  Drone x9  
  58  5:29  Overlord  
  58  5:33  Hatchery  
  57  5:40  Zergling x2  
  57  5:41  Zergling x2  
  59  5:46  Pneumatized Carapace  
  59  5:47  Overseer  
  59  5:55  Spore Crawler  
  59  5:56  Spore Crawler  
  57  6:00  Drone x4  
  57  6:01  Spore Crawler, Queen, Drone x3  
  57  6:02  Extractor  
  57  6:04  Extractor, Overlord x2  
  63  6:10  Evolution Chamber  
  63  6:11  Muscular Augments, Evolution Chamber  
  62  6:13  Glial Reconstitution  
  62  6:18  Drone x3  
  64  6:23  Spine Crawler  
  64  6:24  Spore Crawler  
  62  6:36  Infestation Pit  
  61  6:42  Drone x2  
  61  6:43  Drone x4  
  61  6:44  Drone  
  68  6:51  Queen  
  70  6:54  Zerg Melee Weapons Level 1  
  70  6:55  Zerg Ground Armor Level 1  
  70  7:07  Drone x5  
  70  7:08  Drone x2  
  77  7:16  Hive  
  77  7:20  Centrifical Hooks  
  77  7:26  Drone  
  78  7:38  Overlord x2  
  78  7:39  Overlord x5  
  78  7:46  Hatchery  
  77  8:29  Ultralisk Cavern  
  76  8:36  Burrow  
  76  8:40  Tunneling Claws, Grooved Spines  
  76  8:50  Zerg Melee Weapons Level 2, Zerg Ground Armor Level 2  
  76  9:00  Queen  
  78  9:16  Chitinous Plating  
  78  9:46  Drone  
  78  9:47  Extractor, Drone x3  
  78  9:48  Extractor, Drone x2  
  78  9:49  Ultralisk x10  
  142  10:13  Drone x2  
  144  10:15  Drone x2  
  146  10:24  Ultralisk  
  146  10:25  Ultralisk x2  
  164  10:34  Anabolic Synthesis, Adrenal Glands  
  164  11:07  Zerg Ground Armor Level 3, Zerg Melee Weapons Level 3  
  164  11:16  Zergling x2  
  164  11:17  Zergling x54  
  164  11:18  Zergling x16  
Show
View Real Time Build Order
Export as new Build Order

tigrillo Terran 

Build Orders:  

Get SALT Encoding   

  12  0:02  SCV  
  13  0:14  SCV  
  14  0:23  Supply Depot  
  14  0:26  SCV  
  15  0:39  Refinery  
  15  0:45  SCV  
  15  0:48  Supply Depot  
  16  0:54  Supply Depot  
  17  0:57  SCV  
  17  1:09  SCV  
  18  1:20  Barracks  
  18  1:21  SCV  
  19  1:28  Supply Depot  
  19  1:33  SCV  
  20  1:45  SCV  
  21  1:57  SCV  
  21  2:00  Barracks  
  22  2:06  Supply Depot  
  22  2:09  SCV  
  23  2:16  Bunker  
  23  2:35  Marine  
  24  2:48  Barracks  
  24  2:52  Bunker  
  24  2:53  Marine  
  24  2:54  Marine  
  26  3:07  SCV  
  26  3:10  Marine  
  26  3:12  Marine  
  28  3:28  Marine  
  28  3:30  Marine  
  28  3:33  Bunker  
  30  3:44  Marine  
  30  3:46  Marine  
  30  3:48  Marine  
  32  3:53  Engineering Bay  
  33  4:01  Marine  
  34  4:04  Marine  
  34  4:06  Marine  
  36  4:19  Marine  
  36  4:22  Marine  
  36  4:24  Marine  
  39  4:37  Marine  
  40  4:39  Marine  
  40  4:41  Marine  
  42  4:47  Factory  
  42  4:55  Marine  
  42  4:57  Marine  
  42  4:59  Marine  
  45  5:01  Bunker  
  45  5:13  Marine  
  46  5:15  Marine  
  46  5:18  Marine, Terran Infantry Weapons Level 1  
  45  5:30  Marine  
  45  5:33  Marine  
  47  5:43  Supply Depot  
  47  5:59  Supply Depot  
  47  6:04  Marine x3  
  47  6:06  Supply Depot  
  50  6:22  Marine x3  
  53  6:25  Bunker  
  53  6:33  Bunker  
  53  6:40  Marine x3  
  53  6:43  Command Center  
  56  6:58  Marine x3  
  59  7:03  Factory Tech Lab  
  59  7:13  Starport  
  59  7:16  Marine x3, Terran Infantry Armor Level 1  
  62  7:28  Starport  
  62  7:33  Marine  
  61  7:50  Siege Tank  
  64  7:51  Marine x3  
  65  8:09  Marine x3  
  68  8:22  Siege Tank  
  71  8:28  Marine  
  71  9:24  Supply Depot  
  71  9:27  Supply Depot  
  71  9:31  Supply Depot  
  71  9:45  Marine x3, Siege Tank  
  77  9:55  Supply Depot  
  77  10:00  Supply Depot  
  77  10:03  Marine x3  
  80  10:17  Siege Tank  
  80  10:20  Marine  
  80  10:21  Marine x2  
  83  10:38  Marine x3  
  86  10:56  Marine x3  
  89  11:14  Marine x3  
  92  11:18  Supply Depot  
  91  11:32  Marine x3  
  94  11:37  Neosteel Armor  
  91  11:50  Marine x2  
  93  11:57  Fusion Core  
  93  11:59  Cyclone  
  87  12:07  Marine  
  80  12:17  Medivac  
Show
View Real Time Build Order
Export as new Build Order

yanahuanca Zerg 

Build Orders: Pool First 

Get SALT Encoding   

  12  0:03  Drone  
  13  0:14  Drone  
  14  0:24  Overlord  
  14  0:26  Overlord  
  14  0:47  Spawning Pool  
  13  0:53  Drone  
  13  0:54  Drone  
  13  0:55  Drone  
  16  1:12  Overlord  
  16  1:22  Evolution Chamber  
  15  1:27  Drone  
  15  1:29  Drone  
  17  1:38  Zergling x2  
  18  1:54  Hatchery  
  17  2:08  Drone  
  18  2:09  Drone  
  18  2:12  Overlord  
  19  2:29  Extractor  
  18  2:34  Extractor  
  18  2:36  Drone  
  18  2:37  Drone  
  19  2:46  Drone  
  20  3:17  Zergling x2  
  20  3:18  Zergling x6  
  24  3:23  Drone  
  25  3:39  Roach Warren  
  24  3:47  Hatchery  
  23  3:49  Drone x4  
  25  4:07  Zergling x2  
  4  4:22  Drone x2  
  6  4:24  Drone x2  
  6  4:25  Drone x2  
  10  4:42  Drone x2  
  12  4:46  Drone x2  
  14  5:02  Drone  
  15  5:17  Roach  
  15  5:18  Roach  
  15  5:19  Roach x3  
  25  5:30  Drone x4  
  25  5:33  Drone x2  
  31  6:11  Roach Warren  
  31  6:15  Roach  
  31  6:17  Roach x4  
  31  6:18  Roach  
  42  6:27  Drone x2  
  44  6:36  Overlord  
  44  7:02  Roach  
  44  7:03  Roach x4  
  44  7:07  Drone  
  55  7:16  Overlord  
  53  7:52  Drone x2  
  53  7:53  Drone x7  
  53  8:22  Zergling x8  
  43  8:55  Roach  
  43  8:57  Roach x6  
  43  8:58  Roach x2  
  59  9:11  Hatchery  
  58  9:23  Drone x5  
  58  9:24  Drone  
  64  9:37  Pneumatized Carapace  
  64  9:59  Spine Crawler  
  63  10:09  Hatchery  
  57  10:32  Baneling Nest, Roach  
  57  10:34  Roach x4  
  61  10:37  Zergling x2  
  62  10:45  Zergling x2  
  62  10:49  Drone  
  64  11:09  Metabolic Boost  
  64  11:23  Lair  
  64  11:33  Drone x3  
  35  12:11  Roach  
Show
View Real Time Build Order
Export as new Build Order

darjearcK Zerg 

Build Orders: Pool First 

Get SALT Encoding   

  12  0:04  Drone  
  13  0:08  Drone  
  14  0:41  Spawning Pool  
  13  0:50  Evolution Chamber  
  12  0:59  Extractor, Drone  
  12  1:00  Drone x2  
  14  1:30  Overlord  
  14  1:40  Spore Crawler  
  14  1:46  Spine Crawler  
  12  1:49  Zergling x4  
  12  1:54  Drone  
  15  2:10  Drone  
  16  2:19  Drone  
  17  2:25  Zergling x2  
  18  2:37  Overlord  
  18  2:38  Hatchery  
  17  2:48  Zerg Melee Weapons Level 1  
  17  2:56  Extractor  
  17  2:57  Drone x2  
  18  3:06  Drone  
  19  3:21  Drone  
  20  4:07  Zergling x4  
  22  4:16  Zergling x6  
  25  4:24  Roach Warren  
  24  4:41  Drone x2  
  24  4:42  Zerg Ground Armor Level 1  
  26  4:48  Drone  
  26  4:51  Drone x3  
  30  5:12  Baneling Nest  
  30  5:13  Lair  
  29  5:15  Drone  
  29  5:16  Drone  
  29  5:50  Spore Crawler  
  29  5:53  Drone x3  
  31  6:09  Evolution Chamber  
  30  6:30  Hydralisk Den  
  29  6:35  Infestation Pit  
  28  6:40  Spire  
  28  6:44  Spire  
  26  6:50  Nydus Network  
  23  7:04  Spore Crawler  
  21  7:19  Overlord x3  
  19  7:42  Swarm Host  
  22  7:44  Drone  
  22  7:45  Drone  
  24  7:55  Hydralisk x3  
  24  7:57  Hydralisk  
  26  8:15  Hydralisk  
  28  8:22  Spore Crawler  
  22  8:46  Hydralisk x3  
  22  8:48  Hydralisk x3  
  23  9:33  Drone x3  
  26  9:48  Hydralisk  
  28  9:54  Drone  
  28  9:55  Drone  
  30  10:06  Drone  
  31  10:19  Overlord  
Show
View Real Time Build Order
Export as new Build Order

jeyson Protoss 

Build Orders: 1 Gate Expand 

Get SALT Encoding   

  12  0:02  Probe  
  13  0:14  Probe  
  14  0:26  Probe  
  15  0:30  Pylon  
  15  0:48  Probe  
  16  0:59  Gateway  
  16  1:02  Forge  
  16  1:07  Assimilator  
  16  1:11  Probe  
  17  1:23  Probe  
  18  1:35  Probe  
  18  1:38  Nexus  
  19  1:46  Pylon  
  19  1:54  Probe  
  19  1:59  Assimilator  
  20  2:09  Cybernetics Core  
  20  2:17  Photon Cannon  
  20  2:26  Zealot  
  22  2:35  Probe  
  23  2:47  Probe  
  25  2:51  Probe  
  25  2:53  Zealot  
  27  2:59  Probe  
  27  3:03  Probe  
  29  3:15  Probe  
  30  3:27  Probe  
  31  3:54  Zealot  
  33  4:21  Zealot  
  36  4:24  Probe  
  36  4:32  Assimilator  
  36  4:36  Assimilator, Probe  
  37  4:42  Protoss Air Weapons Level 1  
  37  4:48  Sentry, Probe  
  40  4:57  Gateway  
  40  5:00  Protoss Ground Weapons Level 1, Probe  
  41  5:12  Probe  
  42  5:15  Sentry  
  44  5:24  Probe  
  45  5:36  Probe  
  46  5:55  Pylon  
  46  5:57  Pylon  
  46  6:00  Pylon  
  46  6:02  Pylon  
  46  6:04  Pylon  
  46  6:13  Probe  
  46  6:14  Sentry  
  49  6:19  Robotics Facility  
  49  6:24  Stargate  
  49  6:27  Twilight Council  
  49  6:32  Probe  
  50  6:36  Warp Gate  
  50  6:40  Sentry  
  50  6:44  Probe  
  53  6:56  Probe  
  52  7:23  Sentry  
  52  7:25  Sentry  
  44  7:49  Sentry  
  46  7:51  Sentry  
  39  8:16  Sentry  
  39  8:18  Sentry  
  43  8:22  Charge  
  43  8:24  Oracle  
  46  8:27  Immortal  
  50  8:42  Sentry  
  50  8:44  Stalker  
  52  9:08  Stalker  
  52  9:09  Protoss Ground Armor Level 1  
  54  9:14  Stalker  
  56  9:22  Immortal  
  60  9:38  Stalker  
  62  9:44  Stalker  
  64  10:07  Protoss Air Armor Level 1  
  64  10:08  Stalker  
  64  10:14  Stalker  
  58  10:44  Stalker  
  60  10:59  Resonating Glaives  
  54  11:14  Stalker  
  45  11:44  Zealot  
  47  11:53  Immortal  
  47  12:05  Pylon  
  47  12:11  Zealot  
Tags
 
Add a new tag
Caveats
  • Supply blocks, unpowered buildings, or Contaminate may cause inaccurate times.
  • Supply counts are checked every 10 seconds.